 Dungeon Crawl Stone Soup version 0.21-a0-238-geb0acef (webtiles) character file.

202025 Blomdor the Warrior (level 19, -8/165 HPs)
             Began as a Barachi Wizard on Sept 2, 2017.
             Was the Champion of Trog.
             Mangled by a spark wasp (13 damage)
             ... on level 3 of the Spider Nest on Sept 3, 2017.
             The game lasted 01:36:05 (45872 turns).

Blomdor the Warrior (Barachi Wizard)               Turns: 45872, Time: 01:36:06

Health: -8/165     AC: 24    Str: 15    XL:     19   Next: 1%
Magic:  0/23       EV: 13    Int: 19    God:    Trog [******]
Gold:   2816       SH: 15    Dex: 12    Spells: 23/24 levels left

rFire    . . .     SeeInvis .   x - +8 broad axe (flame)
rCold    + . .     Gourm    .   S - +2 shield
rNeg     . . .     Faith    .   A - +0 chain mail
rPois    +         Spirit   +   l - +0 helmet
rElec    .         Reflect  .   O - +2 cloak {MR+}
rCorr    .         Harm     .   F - +2 pair of gloves {archery}
MR       ++...                  E - +0 pair of boots
Stlth    ..........             u - amulet of guardian spirit
HPRegen  0.37/turn              L - ring of poison resistance
MPRegen  0.18/turn              i - ring of protection from cold

@: can't hop, berserk cooldown, very slightly contaminated, slowed, very slow
A: +LOS, swims, slowness 1, strong legs 2
a: Hop, Berserk, Trog's Hand, Brothers in Arms, Burn Spellbooks, Renounce
Religion


You were on level 3 of the Spider Nest.
You worshipped Trog.
Trog was exalted by your worship.
You were very hungry.

You visited 6 branches of the dungeon, and saw 31 of its levels.
You also visited: Labyrinth, Sewer and Ice Cave.

You collected 3312 gold pieces.
You spent 496 gold pieces at shops.

Inventory:

Hand Weapons
 x - a +8 broad axe of flaming (weapon)
Missiles
 o - 2 throwing nets (quivered)
Armour
 h - the +10 plate armour of Honiass {rF- rN+++ Slay+5}
   (You found it on level 4 of the Lair of Beasts)

   It affects your accuracy and damage with ranged weapons and melee attacks
   (+5).
   It makes you vulnerable to fire.
   It renders you almost immune to negative energy.
 l - a +0 helmet (worn)
 A - a +0 chain mail (worn)
 E - a +0 pair of boots (worn)
 F - a +2 pair of gloves of archery (worn)
 O - a +2 cloak of magic resistance (worn)
 S - a +2 shield (worn)
Jewellery
 i - a ring of protection from cold (right hand)
 s - an uncursed ring of protection from magic
 u - an amulet of guardian spirit (around neck)
 w - an uncursed ring of see invisible
 L - a ring of poison resistance (left hand)
Wands
 t - a wand of polymorph (13/24)
 y - a wand of digging (6/24)
 J - a wand of digging (14/24)
Scrolls
 a - 2 scrolls of brand weapon
 e - 11 scrolls of teleportation
 f - 5 scrolls of immolation
 m - 3 scrolls of enchant armour
 n - 2 scrolls of fog
 q - 3 scrolls of magic mapping
 v - 11 scrolls of remove curse
 z - 3 scrolls of fear
 N - a scroll of blinking
 P - 2 scrolls of recharging
Potions
 b - 4 potions of lignification
 g - a potion of might
 j - a potion of berserk rage
 p - 10 potions of flight
 B - 2 potions of mutation
 C - 2 potions of ambrosia
 D - 6 potions of heal wounds
 G - 6 potions of haste
 H - 13 potions of curing
 I - 2 potions of agility
 M - a potion of invisibility
 Z - a potion of cancellation
Books
 c - a book of Frost

   Spells                             Type                      Level
   a - Freeze                         Ice                          1
   b - Throw Frost                    Conjuration/Ice              2
   c - Ozocubu's Armour               Charms/Ice                   3
   d - Throw Icicle                   Conjuration/Ice              4
   e - Summon Ice Beast               Ice/Summoning                4
   Trog disapproves of the use of such an item.
 r - a book of Alchemy

   Spells                             Type                      Level
   a - Sublimation of Blood           Necromancy                   2
   b - Ignite Poison                  Fire/Transmutation/Poison    3
   c - Petrify                        Transmutation/Earth          4
   d - Alistair's Intoxication        Transmutation/Poison         5
   e - Irradiate                      Conjuration/Transmutation    5
   Trog disapproves of the use of such an item.
 U - a book of Air

   Spells                             Type                      Level
   a - Shock                          Conjuration/Air              1
   b - Swiftness                      Charms/Air                   2
   c - Static Discharge               Conjuration/Air              3
   d - Airstrike                      Air                          4
   e - Lightning Bolt                 Conjuration/Air              5
   Trog disapproves of the use of such an item.
Miscellaneous
 V - 2 boxes of beasts
 W - a phantom mirror
Comestibles
 d - 15 bread rations
 k - 20 meat rations
 K - 5 chunks of flesh
 Y - 5 royal jellies


   Skills:
 + Level 18.9 Fighting
 - Level 18.2 Axes
 + Level 16.4 Armour
 + Level 13.7 Dodging
 - Level 1.7 Stealth
 + Level 14.9 Shields
 - Level 3.2 Spellcasting
 - Level 1.1 Conjurations
   Level 1.2 Summonings
   Level 1.1 Translocations


You had 23 spell levels left.
You knew the following spells:

 Your Spells              Type           Power        Failure   Level  Hunger
a - Magic Dart            Conj           #...         58%         1    None


Dungeon Overview and Level Annotations

Branches:
Dungeon (15/15)            Temple (1/1) D:6            Lair (6/6) D:8
  Swamp (3/4) Lair:2       Spider (4/4) Lair:4        Slime (0/5) Lair:6
    Orc (2/2) D:10            Elf (0/3) Orc:2        Vaults (0/5) D:14
 Depths (0/5) D:15

Altars:
Ashenzari
Cheibriados
Dithmenos
Elyvilon
Fedhas
Gozag
Hepliaklqana
Kikubaaqudgha
Makhleb
Nemelex Xobeh
Okawaru
Qazlal
Ru
Sif Muna
Trog
Uskayaw
Vehumet
Wu Jian
Xom
Yredelemnul
Zin
The Shining One
Jiyva

Shops:
D:10 (   Orc:2 }(:?

Annotations:
Lair:1 Gastronok
Lair:2 exclusion: 4 oklob plants
Lair:6 1 runed door


Innate Abilities, Weirdness & Mutations

Shadows flee at your approach. (+LOS)
You can swim through water.
You cover ground slowly.
You can hop longer distances.


Message History

The spark wasp stings you but does no damage.
The spark wasp misses you.
Your chain mail prevents you from hitting the spark wasp.
The spark wasp is heavily wounded.
The spark wasp stings you!
* * * LOW HITPOINT WARNING * * *
The spark wasp shocks you!
* * * LOW HITPOINT WARNING * * *
The spark wasp stings you but does no damage.
Blink to where?
Press: ? - help, Dir - move target cursor You are very lightly contaminated with residual magic.
As you read the scroll of blinking, it crumbles to dust.
The spark wasp bursts into living lightning!
The living lightning hits you!
* * * LOW HITPOINT WARNING * * *
The spark wasp blinks! x2; The spark wasp stings you.
* * * LOW HITPOINT WARNING * * *
The spark wasp shocks you!
You die...

..###.......### ##..###...####
..##........# ##.### ###.....
..##........### ##.##### #......
.##........#.^####.....>###......
.###......####..#........##......
###..###y## ###....)......#.....
# #### #†# #...........#..... ##
#># ##..........##.... .## #†#
##@..........###...
..######.######..y..........##...
.....#..........#...........###..
..##...........##............####
..##............##...........# #
...##...........##...........## #
...##...........##..^.........# #
...##...........##§........#### #
...##...........###§####...# ##


You could see a spark wasp.

Vanquished Creatures
  Nikola (Spider:2)
  Jorgrun (Spider:1)
  Rupert (D:13)
  Kirke (Spider:4)
  A thorn hunter (Swamp:1)
  Agnes (Spider:1)
  Donald (Spider:1)
  2 emperor scorpions (Spider:1)
  A frost giant (IceCv)
  The ghost of Angani the Slinger, a journeyman DrVM of Nemelex Xobeh (D:14)
  A ghost moth (Spider:3)
  2 orc warlords
  The ghost of jjjjhere the Peltast, a journeyman GnSu of Hepliaklqana (Spider:1)
  6 entropy weavers
  Nessos (Orc:2)
  A spark wasp (Spider:3)
  The ghost of finalsalamander the Prestidigitator, a journeyman CeAE of Sif Muna (Lab)
  Snorg (Orc:1)
  A fire dragon (D:14)
  A minotaur (Lab)
  Erolcha (Orc:1)
  An ice dragon (Lair:4)
  A vault guard (D:14)
  5 centaur warriors
  22 two-headed ogres
  10 hydras
  A two-headed ogre (shapeshifter) (D:15)
  5 alligators
  6 ogre magi
  A tengu warrior (D:15)
  Erica (Lair:1)
  7 death yaks
  A ghost crab (Swamp:1)
  A queen ant (Spider:2)
  Sonja (Lair:4)
  7 spriggans
  3 unseen horrors
  2 swamp dragons
  5 shambling mangroves
  A lindwurm (Lair:3)
  A necromancer (Lair:3)
  A deep elf mage (D:13)
  4 orc sorcerers
  13 orb spiders
  5 manticores
  19 wolf spiders
  3 cyclopes
  9 ugly things
  An elephant (Lair:2)
  7 black mambas
  2 ice statues
  A centaur zombie (D:11)
  3 torpor snails
  3 centaur skeletons (D:14)
  40 spiny frogs
  The ghost of rogsnak the Magician, a novice DrEE (D:6)
  A gargoyle (D:15)
  14 rime drakes
  9 komodo dragons
  2 efreet (D:15)
  10 demonic crawlers
  3 meliai (D:14)
  5 tyrant leeches
  2 tengu conjurers (D:14)
  A queen bee (Lair:2)
  Grinder (D:3)
  14 polar bears
  12 trolls
  27 jumping spiders
  19 hornets
  27 blink frogs
  17 slime creatures
  A minotaur skeleton (Lab)
  9 bog bodies
  8 dream sheep (Lair:6)
  20 hippogriffs
  A meliai zombie (D:10)
  63 redbacks
  Sigmund (D:3)
  A centaur simulacrum (D:15)
  2 wraiths
  23 tarantellas
  A tarantella (shapeshifter) (D:15)
  58 yaks
  3 hogs (Spider:4)
  7 wyverns
  A steam dragon (Lair:2)
  A basilisk (shapeshifter) (D:15)
  11 basilisks
  Menkaure (D:5)
  A hungry ghost (D:9)
  29 vampire mosquitoes
  15 swamp worms
  Edmund (D:5)
  2 wargs (Orc:1)
  20 water moccasins
  2 hell hounds (Lair:6)
  6 insubstantial wisps (Swamp:3)
  24 soldier ants
  5 porcupines
  Duvessa (D:5)
  23 orc warriors
  7 ice beasts
  2 black bears
  7 swamp drakes
  4 sky beasts
  A boggart (D:14)
  An eye of draining (D:11)
  3 elephant zombies (Lair:3)
  2 necrophages
  38 ogres
  35 wolves
  11 centaurs
  12 crocodiles
  5 big kobolds
  A komodo dragon zombie (Lair:3)
  A wyvern zombie (D:7)
  40 bullfrogs
  Blork the orc (D:4)
  A water moccasin zombie (D:9)
  Dowan (D:5)
  A wyvern skeleton (D:9)
  5 jellies
  8 scorpions
  32 killer bees (Lair:2)
  21 wights
  6 howler monkeys
  8 electric eels
  4 crimson imps
  A bullfrog zombie (D:10)
  12 orc priests
  6 hounds
  23 orc wizards
  6 iguanas
  27 worker ants
  A crocodile zombie (Lair:3)
  2 hound skeletons
  A worker ant zombie (D:8)
  Robin (D:2)
  4 gnolls
  A howler monkey zombie (D:8)
  6 river rats
  16 adders
  8 shadow imps
  3 white imps (Lair:4)
  2 worms
  A dart slug (D:2)
  6 leopard geckos
  66 orcs
  3 ball pythons (D:2)
  6 giant cockroaches
  20 goblins
  11 hobgoblins
  14 jackals
  28 kobolds
  7 quokkas
  7 bats
  8 frilled lizards
  A leopard gecko skeleton (D:4)
  10 rats
  3 fungi
  6 plants
1302 creatures vanquished.

Vanquished Creatures (others)
  The ghost of dolemite99 the Markscentaur, an adept CeAE of Hepliaklqana (Swamp:3)
  An entropy weaver (Spider:2)
  A cyclops (D:15)
  A wolf spider (Spider:2)
  2 jumping spiders
  A hornet (Swamp:1)
  A redback (Spider:3)
  2 soldier ants (Spider:2)
  An orc warrior (Orc:2)
  2 wolves (IceCv)
  2 centaurs (D:13)
  An orc (Orc:2)
  2 bushes (Lair:6)
  16 fungi
  20 plants
54 creatures vanquished.

Grand Total: 1356 creatures vanquished

Notes
Turn   | Place    | Note
-------+----------+-------------------------------------------
     0 | D:1      | Blomdor the Barachi Wizard began the quest for the Orb.
     0 | D:1      | Reached XP level 1. HP: 13/13 MP: 4/4
    62 | D:1      | Reached skill level 1 in Fighting
    62 | D:1      | Reached skill level 1 in Armour
   115 | D:1      | Reached XP level 2. HP: 21/21 MP: 6/6
   569 | D:2      | Reached XP level 3. HP: 15/27 MP: 7/7
   854 | D:2      | Noticed Robin
  1124 | D:3      | Reached XP level 4. HP: 27/35 MP: 8/8
  1382 | D:2      | Killed Robin
  1654 | D:2      | Reached XP level 5. HP: 4/43 MP: 9/9
  2063 | D:3      | Reached skill level 5 in Fighting
  2219 | D:3      | Reached skill level 1 in Axes
  2365 | D:3      | Noticed Sigmund
  2638 | D:3      | Killed Sigmund
  2638 | D:3      | Reached XP level 6. HP: 42/51 MP: 10/10
  2683 | D:3      | Noticed Grinder
  2831 | D:3      | HP: 2/51 [Grinder (1)]
  2834 | D:3      | Killed Grinder
  2834 | D:3      | Reached XP level 7. HP: 3/56 MP: 11/11
  3586 | D:4      | Got a polished leather armour
  3597 | D:4      | Identified the +1 leather armour "Apruzoe" {rF- MR+ Slay+2} (You found it on level 4 of the Dungeon)
  3786 | D:4      | Noticed Blork the orc
  3799 | D:4      | Killed Blork the orc
  4192 | D:5      | Entered Level 5 of the Dungeon
  4204 | D:5      | Noticed Dowan
  4206 | D:5      | Noticed Duvessa
  4216 | D:5      | Killed Duvessa
  4216 | D:5      | Reached XP level 8. HP: 38/62 MP: 12/12
  4220 | D:5      | Killed Dowan
  4464 | D:5      | Found a glowing drain.
  4469 | Sewer    | Entered a sewer
  4586 | Sewer    | Found a glowing silver altar of Zin.
  4678 | D:5      | Noticed Edmund
  4971 | D:5      | Killed Edmund
  4971 | D:5      | Reached skill level 5 in Armour
  5053 | D:5      | HP: 3/62 [poisoned by a worker ant]
  5421 | D:5      | Noticed Menkaure
  5795 | D:6      | Noticed rogsnak's ghost (novice DrEE)
  5811 | D:6      | Killed rogsnak's ghost
  5811 | D:6      | Reached XP level 9. HP: 53/68 MP: 13/13
  5924 | D:6      | Reached skill level 10 in Axes
  6212 | D:6      | Found a staircase to the Ecumenical Temple.
  6295 | Temple   | Entered the Ecumenical Temple
  6387 | Temple   | Became a worshipper of Trog the Wrathful
  6821 | D:5      | Killed Menkaure
  8251 | D:7      | Reached XP level 10. HP: 66/79 MP: 14/14
  8284 | D:7      | Reached * piety under Trog
  8933 | D:8      | Found an iron altar of Okawaru.
  9206 | D:8      | Found a staircase to the Lair.
 10438 | D:9      | Reached ** piety under Trog
 10478 | D:9      | You fall through a shaft!
 10478 | D:10     | Entered Level 10 of the Dungeon
 10583 | D:10     | Reached XP level 11. HP: 90/90 MP: 15/15
 10614 | D:10     | Reached skill level 10 in Fighting
 10732 | D:10     | Noticed a manticore
 10743 | D:10     | Killed a manticore
 10815 | D:10     | Found a staircase to the Orcish Mines.
 11260 | D:10     | Noticed a two-headed ogre
 11269 | D:10     | Killed a two-headed ogre
 11374 | D:10     | Found Ykenop's Weapon Emporium.
 11383 | D:10     | Bought a +2 war axe of electrocution for 227 gold pieces
 11405 | D:10     | Reached *** piety under Trog
 11582 | D:10     | Killed an unseen horror
 11863 | D:9      | Reached skill level 15 in Axes
 12077 | D:9      | Noticed a two-headed ogre
 12083 | D:9      | Killed a two-headed ogre
 12460 | Orc:1    | Entered Level 1 of the Orcish Mines
 12637 | Orc:2    | Entered Level 2 of the Orcish Mines
 12637 | Orc:2    | Noticed Nessos
 12637 | Orc:2    | Noticed an orc sorcerer
 12762 | Lair:1   | Entered Level 1 of the Lair of Beasts
 12977 | Lair:1   | Noticed a seven-headed hydra
 12993 | Lair:1   | Killed a one-headed hydra
 12993 | Lair:1   | Reached XP level 12. HP: 61/101 MP: 16/16
 13150 | Lair:1   | Found a frozen archway.
 13156 | IceCv    | Entered an ice cave
 13383 | IceCv    | Identified the Handbook of Quantum Creation
 13401 | IceCv    | Reached **** piety under Trog
 13834 | IceCv    | Reached skill level 1 in Shields
 14602 | IceCv    | Noticed a death yak
 14602 | IceCv    | Noticed a frost giant
 14621 | IceCv    | Killed a death yak
 14630 | IceCv    | Killed a frost giant
 15028 | Lair:1   | Reached ***** piety under Trog
 15074 | Lair:1   | Gained mutation: You can hop longer distances. [Barachi growth]
 15074 | Lair:1   | Reached XP level 13. HP: 15/109 MP: 17/17
 15077 | Lair:1   | HP: 1/109 [blink frog (14)]
 15270 | Lair:1   | Noticed Erica
 15278 | Lair:1   | Killed Erica
 15661 | Lair:1   | Noticed Gastronok
 15924 | Lair:2   | Found a labyrinth entrance.
 15935 | Lab      | Entered a labyrinth
 16129 | Lab      | Noticed finalsalamander's ghost (journeyman CeAE)
 16154 | Lab      | Killed finalsalamander's ghost
 16324 | Lab      | Noticed a minotaur
 16334 | Lab      | Killed a minotaur
 16470 | Lair:2   | Found a staircase to the Swamp.
 16776 | Lair:2   | Reached skill level 5 in Shields
 17498 | Lair:2   | Received a gift from Trog
 18489 | Lair:3   | Reached ****** piety under Trog
 19043 | Lair:3   | Found a runed door.
 19463 | Lair:3   | Received a gift from Trog
 19463 | Lair:3   | Reached XP level 14. HP: 103/119 MP: 18/18
 20374 | Lair:4   | Reached skill level 10 in Armour
 20509 | Lair:4   | Noticed Sonja
 20521 | Lair:4   | Killed Sonja
 20558 | Lair:4   | Got a transparent plate armour
 20559 | Lair:4   | Identified the +10 plate armour of Honiass {rF- rN+++ Slay+5} (You found it on level 4 of the Lair of Beasts)
 20735 | Lair:4   | Found a hole to the Spider Nest.
 21762 | Lair:5   | Reached skill level 5 in Dodging
 21810 | Lair:5   | You fall through a shaft!
 21810 | Lair:6   | Entered Level 6 of the Lair of Beasts
 23114 | Lair:6   | Received a gift from Trog
 23918 | Lair:6   | Reached XP level 15. HP: 73/127 MP: 19/19
 23919 | Lair:6   | Reached skill level 15 in Fighting
 25105 | Lair:6   | Reached skill level 10 in Shields
 25364 | Lair:6   | Received a gift from Trog
 25588 | Lair:6   | Found a runed door.
 25589 | Lair:6   | Found a viscous altar of Jiyva.
 25589 | Lair:6   | Found a staircase to the Slime Pits.
 25589 | Lair:6   | Noticed an azure jelly
 25589 | Lair:6   | Noticed an azure jelly
 25866 | Orc:2    | Killed Nessos
 25883 | Orc:2    | Noticed an orc warlord
 27677 | Orc:2    | Killed an orc warlord
 28217 | Orc:2    | Received a gift from Trog
 28367 | Orc:2    | Found a staircase to the Elven Halls.
 28420 | Orc:2    | Reached XP level 16. HP: 108/138 MP: 20/20
 28915 | Orc:2    | Found Tiptulu's Antique Weapon Boutique.
 28915 | Orc:2    | Found Ozxohiax's Gadget Shoppe.
 28916 | Orc:2    | Found Moceskuq's Magic Scroll Emporium.
 28916 | Orc:2    | Found Owoireb's Book Boutique.
 28927 | Orc:2    | Bought a scroll of teleportation for 45 gold pieces
 28927 | Orc:2    | Bought a scroll of blinking for 112 gold pieces
 28927 | Orc:2    | Bought a scroll of identify for 30 gold pieces
 28927 | Orc:2    | Bought a scroll of magic mapping for 52 gold pieces
 28927 | Orc:2    | Bought a scroll of identify for 30 gold pieces
 29162 | Orc:1    | Noticed Erolcha
 29184 | Orc:1    | Killed Erolcha
 29216 | Orc:1    | Noticed Snorg
 29227 | Orc:1    | Killed Snorg
 29998 | D:11     | Received a gift from Trog
 31188 | D:13     | Noticed Rupert
 31209 | D:13     | Killed Rupert
 31303 | D:13     | Reached skill level 10 in Dodging
 31304 | D:13     | Received a gift from Trog
 32217 | D:14     | Found a gate to the Vaults.
 33181 | D:14     | Noticed Angani's ghost (journeyman DrVM)
 33212 | D:14     | Killed Angani's ghost
 33212 | D:14     | Received a gift from Trog
 33520 | D:15     | Entered Level 15 of the Dungeon
 33664 | D:14     | HP: 8/211 [red ugly thing (14)]
 34097 | D:15     | Reached XP level 17. HP: 117/147 MP: 21/21
 34798 | D:15     | Found a staircase to the Depths.
 35440 | Swamp:1  | Entered Level 1 of the Swamp
 36591 | Swamp:2  | Received a gift from Trog
 36594 | Swamp:2  | Got a smoking executioner's axe {god gift}
 36595 | Swamp:2  | Identified the +4 executioner's axe of Ixzis {flame, Fragile +Blink Str+5 Int-4} (Trog gifted it to you on level 2 of the Swamp)
 36787 | Swamp:2  | Paralysed by a hornet for 1 turns
 37704 | Swamp:3  | Reached skill level 15 in Armour
 37829 | Swamp:3  | HP: 7/149 [spriggan rider/spear (15)]
 38234 | Swamp:3  | Noticed dolemite99's ghost (adept CeAE)
 38340 | Swamp:2  | Paralysed by a hornet for 3 turns
 38704 | Swamp:3  | Received a gift from Trog
 38736 | Swamp:3  | Killed dolemite99's ghost
 39786 | Spider:1 | Entered Level 1 of the Spider Nest
 40201 | Spider:1 | Noticed Donald
 40216 | Spider:1 | Killed Donald
 40241 | Spider:1 | Noticed jjjjhere's ghost (journeyman GnSu)
 40262 | Spider:1 | Killed jjjjhere's ghost
 40277 | Spider:1 | Reached XP level 18. HP: 112/157 MP: 22/22
 40328 | Spider:1 | Noticed Agnes
 40409 | Spider:1 | Received a gift from Trog
 40643 | Spider:1 | Killed Agnes
 41505 | Spider:2 | Noticed Jorgrun
 41650 | Spider:1 | Killed Jorgrun
 42285 | Spider:2 | Noticed Nikola
 42951 | Spider:2 | Received a gift from Trog
 43169 | Spider:2 | Killed Nikola
 44410 | Spider:3 | Received a gift from Trog
 45725 | Spider:4 | Entered Level 4 of the Spider Nest
 45725 | Spider:4 | Noticed Kirke
 45750 | Spider:4 | Killed Kirke
 45842 | Spider:3 | Reached XP level 19. HP: 95/165 MP: 13/23
 45872 | Spider:3 | HP: 8/165 [spark wasp/living lightning (13)]
 45872 | Spider:3 | Mangled by a spark wasp

Vault maps used:
D:1:      dpeg_arrival_rooms_c
D:2:      minmay_joined_circles, uniq_robin
D:3:      wad_pebble_path, first_bread, uniq_grinder, uniq_sigmund
D:4:      uniq_blork_the_orc
D:5:      portal_sewer_entry_e, uniq_duvessa, uniq_edmund, uniq_menkaure
D:6:      minmay_temple_entry_glassed_door
D:8:      lemuel_doored_altar
D:9:      grunt_ogre_cave
D:10:     orc_0_dummy, serial_shops, shop, kennysheep_generic_room_2
D:11:     lemuel_ice_statue
D:13:     uniq_rupert
D:14:     david_vaults_5, serial_co_window_serial, co_window_of_opportunity_a,
          co_window_paths_b, co_window_paths_b, co_window_corner_a,
          co_window_paths_b, co_window_corner_b, co_window_corner_b,
          co_window_of_opportunity_b, co_window_paths_d, glass_columns_b,
          glass_columns_c, glass_columns_c, glass_columns_a, glass_columns_b,
          kb_rosetta
D:15:     hangedman_depths_entry_civil_slaughter, hex_medium,
          nicolae_benzene_ring, st_stairs_7
Temple:   dpeg_three_leaves_temple
Lair:1:   portal_ice_cave_entry_pillars_1, lemuel_oklob_altar, uniq_erica,
          uniq_gastronok
Lair:2:   hangedman_what_comes_after_a, swamp_mist, lab_entry_generic
Lair:3:   pond_and_an_island_with_a_cottage, pf_torpor_hydra
Lair:4:   nicolae_spider_entry_orb_guardian, ice2_lemuel, grunt_megastairs_4,
          uniq_sonja
Lair:5:   st_stairs_12, cheibrodos_lair_caveside_slide
Lair:6:   minmay_lair_end_frog_pond, slime_altar_2, special_room
Swamp:1:  nicolae_swamp_dense_foliage, swamp_pool1
Swamp:2:  hangedman_swamp_ruin_hall, nicolae_swamp_alligator_family
Swamp:3:  evilmike_swamp_ruin_house_3
Spider:1: uniq_agnes, uniq_donald
Spider:2: minivault_29, nicolae_spider_cling_halls, uniq_nikola, uniq_jorgrun
Spider:4: spider_rune_water, spider_trap, uniq_kirke, uniq_arachne, uniq_louise
Orc:1:    uniq_snorg, uniq_erolcha
Orc:2:    st_orc_ogre_mass, uniq_nessos
Lab:      labyrinth_mini_lab, nicolae_lab_swirl, nicolae_lab_big_swirl,
          nicolae_lab_diamond, nicolae_lab_t_cross
Sewer:    sewer_kobolds
IceCv:    ice_cave_caverns_03

Skill      XL: |  1  2  3  4  5  6  7  8  9 10 11 12 13 14 15 16 17 18 |
---------------+-------------------------------------------------------+-----
Fighting       | 1 2 3 4 5 7 9 11 12 13 14 16 17 18 | 18.9
Armour         | 1 2 3 5 7 9 11 12 14 15 16 | 16.4
Axes           | 4 6 7 9 11 13 15 17 18 | 18.2
Shields        | 3 6 9 10 12 13 14 | 14.9
Dodging        | 6 9 10 12 13 | 13.7
Stealth        | |  1.7
Spellcasting   | |  3.2
Conjurations   | |  1.1
Summonings     | |  1.2
Translocations | |  1.1

Action                   |  1- 3 |  4- 6 |  7- 9 | 10-12 | 13-15 | 16-18 | 19-21 || total
-------------------------+-------+-------+-------+-------+-------+-------+-------++-------
Melee: Short sword       |    94 |   180 |    72 |       |       |       |       ||   346
       Hand axe          |       |       |    45 |    14 |     8 |       |       ||    67
       Flail             |       |       |   229 |   418 |       |       |       ||   647
       Rapier            |       |       |    28 |       |       |       |       ||    28
       Whip              |       |       |     7 |       |       |       |       ||     7
       Battleaxe         |       |       |       |    39 |       |       |       ||    39
       War axe           |       |       |       |   354 |   436 |       |       ||   790
       Broad axe         |       |       |       |       |   728 |  1894 |    15 ||  2637
Throw: Throwing net      |       |       |       |       |       |     1 |       ||     1
 Cast: Magic Dart        |     1 |       |       |       |       |       |       ||     1
Invok: Burn Spellbooks   |       |       |     2 |       |     1 |     1 |       ||     4
       Berserk           |       |       |       |     6 |     9 |     9 |     1 ||    25
       Trog's Hand       |       |       |       |       |       |     3 |       ||     3
 Abil: Hop               |     2 |     4 |     5 |     2 |    10 |    11 |     1 ||    35
Evoke: Wand              |       |       |       |     3 |     7 |     3 |       ||    13
  Use: Potion            |     2 |     3 |     6 |     2 |     5 |     4 |     1 ||    23
       Scroll            |     2 |     1 |    11 |    11 |    12 |    20 |     1 ||    58
 Stab: Sleeping          |     2 |       |       |       |       |       |       ||     2
       Invisible         |       |       |     1 |       |     6 |       |       ||     7
       Paralysed         |       |       |       |       |     4 |       |       ||     4
       Held in net/web   |       |       |       |       |       |     2 |       ||     2
  Eat: Chunk             |       |     6 |    15 |    28 |    41 |    55 |       ||   145
       Royal jelly       |       |       |     2 |     1 |     6 |     6 |       ||    15
       Fruit             |       |       |       |     3 |     1 |     5 |       ||     9
Armor: Robe              |    12 |       |       |       |       |       |       ||    12
       Skin              |    48 |       |     1 |       |     9 |     1 |       ||    59
       Leather armour    |       |     9 |       |       |       |       |       ||     9
       Ring mail         |       |    58 |   103 |       |       |       |       ||   161
       Chain mail        |       |       |    13 |   439 |   432 |   815 |     6 ||  1705
Dodge: Dodged            |    40 |    93 |   167 |   177 |   292 |   641 |     6 ||  1416
Block: Other             |       |    66 |    85 |   188 |       |       |       ||   339
       Reflection        |       |       |       |     8 |    16 |    39 |       ||    63
       Buckler           |       |       |       |    71 |   589 |   749 |       ||  1409
       Shield            |       |       |       |       |       |   402 |    10 ||   412

Table legend:
 A = Spawn XP
 B = Non-spawn XP
 C = Spawn XP percentage of total XP
 D = Spawn monster count
 E = Non-spawn monster count
 F = Spawn count percentage of total count
 G = Total turns spent on level
                    A         B        C        D         E        F      G
               +---------+---------+-------+---------+---------+-------+---------
         Total |   39720 |  277844 |  12.5 |     212 |    1088 |  16.3 | 45872
               +---------+---------+-------+---------+---------+-------+---------
           D:1 |       2 |      27 |   6.9 |       1 |      16 |   5.9 |   529
           D:2 |      19 |     131 |  12.7 |       9 |      40 |  18.4 |  1271
           D:3 |      18 |     651 |   2.7 |       4 |      25 |  13.8 |  1216
           D:4 |     152 |     281 |  35.1 |       3 |      14 |  17.6 |  1445
           D:5 |     183 |     999 |  15.5 |       7 |      12 |  36.8 |  1381
           D:6 |     286 |     729 |  28.2 |       7 |      14 |  33.3 |  1240
           D:7 |      95 |    1307 |   6.8 |       7 |      18 |  28.0 |  1327
           D:8 |     348 |    2073 |  14.4 |       5 |      26 |  16.1 |  1649
           D:9 |     656 |    3292 |  16.6 |       5 |      35 |  12.5 |  1051
          D:10 |     521 |    5079 |   9.3 |       7 |      42 |  14.3 |  1562
          D:11 |     301 |    5677 |   5.0 |       5 |      25 |  16.7 |   547
          D:12 |     602 |    2578 |  18.9 |       8 |      11 |  42.1 |   661
          D:13 |    1846 |    9114 |  16.8 |       9 |      24 |  27.3 |   946
          D:14 |    1399 |   17505 |   7.4 |       5 |      50 |   9.1 |  2035
          D:15 |    2351 |   14409 |  14.0 |       5 |      31 |  13.9 |  1159
        Lair:1 |     547 |    6743 |   7.5 |       2 |      24 |   7.7 |  1117
        Lair:2 |     714 |    7911 |   8.3 |       6 |      62 |   8.8 |  1577
        Lair:3 |    1351 |    7255 |  15.7 |       6 |      31 |  16.2 |  1929
        Lair:4 |    1420 |   10841 |  11.6 |       5 |      25 |  16.7 |  1670
        Lair:5 |    1224 |   11514 |   9.6 |       6 |      40 |  13.0 |  2677
        Lair:6 |    4642 |   21533 |  17.7 |      18 |      84 |  17.6 |  1700
       Swamp:1 |    2387 |    9118 |  20.7 |       4 |      22 |  15.4 |  1179
       Swamp:2 |    1697 |   12432 |  12.0 |       7 |      34 |  17.1 |  1756
       Swamp:3 |    1948 |   12451 |  13.5 |       4 |      44 |   8.3 |  1356
      Spider:1 |    2828 |   30819 |   8.4 |       8 |      67 |  10.7 |  2948
      Spider:2 |    2044 |   16100 |  11.3 |       2 |      62 |   3.1 |  1276
      Spider:3 |    5245 |   20198 |  20.6 |      15 |      50 |  23.1 |  1771
      Spider:4 |       0 |    6629 |   0.0 |       0 |      16 |   0.0 |    91
         Orc:1 |    4309 |   10281 |  29.5 |      39 |      27 |  59.1 |  3175
         Orc:2 |     585 |   16644 |   3.4 |       3 |      56 |   5.1 |   977
           Lab |       0 |    2586 |   0.0 |       0 |       4 |   0.0 |   533
         Sewer |       0 |     155 |   0.0 |       0 |      13 |   0.0 |   153
         IceCv |       0 |   10782 |   0.0 |       0 |      44 |   0.0 |  1866
               +---------+---------+-------+---------+---------+-------+---------
